 Dungeon Crawl Stone Soup version 0.17-a0-2073-gde5cdba (webtiles) character file.

1208 tp1 the Vexing (level 8, 0/41 HPs)
             Began as a Deep Elf Conjurer on Oct 14, 2015.
             Was a Follower of Vehumet.
             Shot with an arrow by a centaur (16 damage)
             ... on level 6 of the Dungeon.
             The game lasted 00:52:29 (8132 turns).

tp1 the Vexing (Deep Elf Conjurer)                  Turns: 8132, Time: 00:52:29

Health: 0/41       AC:  3    Str:  8    XL:     8   Next: 21%
Magic:  12/17      EV: 12    Int: 21    God:    Vehumet [*.....]
Gold:   293        SH:  0    Dex: 15    Spells: 5 memorised, 5 levels left

rFire  . . .     SeeInvis .     (no weapon)
rCold  . . .     Rnd*Rage +     o - +0 leather armour
rNeg   . . .     SustAt   .     (no shield)
rPois  .         Gourm    +     (no helmet)
rElec  .         Spirit   .     (no cloak)
rCorr  .         Warding  .     (no gloves)
rMut   .         Stasis   .     (no boots)
MR     .....                    q - amulet of the gourmand
Stlth  ++........               (no ring)
                                f - +3 ring of strength

@: very slightly contaminated, not resistant to hostile enchantments, unstealthy
A: berserk 1, weak 1
a: Renounce Religion


You were on level 6 of the Dungeon.
You worshipped Vehumet.
Vehumet was aware of your devotion.
You were not hungry.

You visited 1 branch of the dungeon, and saw 6 of its levels.

You collected 293 gold pieces.

Inventory:

Armour
 a - a +0 robe
 m - a +0 robe
 o - a +0 leather armour (worn)
Jewellery
 f - a +3 ring of strength (left hand)
 q - an amulet of the gourmand (around neck)
Wands
 w - a wand of confusion (25)
 y - a wand of enslavement (17)
Scrolls
 d - a scroll of blinking {unknown}
 e - 6 scrolls of remove curse {unknown}
 j - a scroll of fear {unknown}
 k - a scroll of enchant weapon {unknown}
 l - a scroll of magic mapping {unknown}
 r - 2 scrolls of recharging {unknown}
 A - a scroll of acquirement {unknown}
Potions
 g - a potion of mutation {unknown}
 h - 2 potions of curing
 i - 3 potions of haste {unknown}
 n - 2 potions of might {unknown}
 p - 2 potions of poison {unknown}
 s - a potion of resistance {unknown}
 u - a potion of agility {unknown}
 x - 2 potions of heal wounds {unknown}
Books
 b - a book of Conjurations

   Spells                             Type                      Level
   a - Magic Dart                     Conjuration                  1
   b - Searing Ray                    Conjuration                  2
   c - Dazzling Spray                 Conjuration/Hexes            3
   d - Fulminant Prism                Conjuration/Hexes            4
   e - Iskenderun's Mystic Blast      Conjuration                  4
   f - Iskenderun's Battlesphere      Conjuration/Charms           5
Comestibles
 c - 3 bread rations
 t - a beef jerky
 v - a meat ration
 z - 5 chunks of flesh


   Skills:
 - Level 0.2 Armour
 - Level 2.5 Dodging
 - Level 2.5 Stealth
 - Level 0.1 Unarmed Combat
 - Level 5.2 Spellcasting
 - Level 6.5 Conjurations
 - Level 7.8 Hexes
 + Level 7.2 Charms


You had 5 spell levels left.
You knew the following spells:

 Your Spells              Type           Power        Failure   Level  Hunger
a - Magic Dart            Conj           ####         1%          1    None
b - Searing Ray           Conj           ####..       1%          2    None
c - Dazzling Spray        Conj/Hex       #####...     1%          3    ##.....
d - Iskenderun's Battles  Conj/Chrm      ####....     28%         5    #####..
e - Sting                 Conj/Pois      ###.         4%          1    None


Dungeon Overview and Level Annotations

Branches:
Dungeon (6/15)
 Temple: D:4-7

Altars:
Ashenzari
Vehumet
Zin


Innate Abilities, Weirdness & Mutations

You tend to lose your temper in combat.
You are weak. (Str -2)


Message History

Press: ? - help, Shift-Dir - straight line, f/p - adder
Aim: an adder (heavily wounded)
The magic dart hits the adder.
You kill the adder!
Vehumet accepts your kill.
Found 11 gold pieces.
You see here an adder corpse.
You butcher the adder corpse.
z - 5 chunks of flesh (gained 1)
A centaur comes into view.
You see here 11 gold pieces.
Casting: Magic Dart
Confirm with . or Enter, or press ? or * to list all spells.
You miscast Iskenderun's Battlesphere.
You are very lightly contaminated with residual magic.
You are blasted with magical energy!
Ouch! That really hurt!
The centaur shouts!
The centaur wields a shortbow.
The centaur shoots an arrow.
The arrow hits you!
You die...

. .. ...########
..........##############
#....................
#...@...#############
##.......# ##.####.# #.
..# .. #.# ..# .. ##.
#.. #c #..


You could see a centaur.

Vanquished Creatures
  A water moccasin (D:4)
  2 ice beasts
  2 ogres (D:4)
  A necrophage (D:4)
  A phantom (D:4)
  A sky beast (D:5)
  A scorpion (D:4)
  An orc priest (D:5)
  A giant frog skeleton (D:4)
  An iguana (D:4)
  Jessica (D:2)
  A hound (D:4)
  An orc wizard (D:5)
  3 worker ants (D:5)
  2 hound skeletons (D:5)
  A worker ant zombie (D:5)
  8 adders
  4 oozes
  An adder zombie (D:5)
  3 worms
  A giant gecko (D:1)
  14 orcs
  9 giant cockroaches
  5 hobgoblins
  4 jackals
  A ball python (D:3)
  8 bats
  2 giant gecko skeletons (D:4)
  5 giant newts
  2 goblins (D:1)
  6 kobolds
  2 quokkas (D:4)
  5 rats
101 creatures vanquished.

Notes
Turn   | Place    | Note
--------------------------------------------------------------
     0 | D:1      | tp1 the Deep Elf Conjurer began the quest for the Orb.
     0 | D:1      | Reached XP level 1. HP: 10/10 MP: 6/6
   372 | D:1      | Reached XP level 2. HP: 15/15 MP: 5/8
   442 | D:1      | Reached skill level 5 in Conjurations
  1162 | D:2      | Reached XP level 3. HP: 19/19 MP: 0/10
  1236 | D:2      | Found a glowing silver altar of Zin.
  1508 | D:2      | Noticed Jessica
  1512 | D:2      | Killed Jessica
  1512 | D:2      | Reached skill level 5 in Spellcasting
  1512 | D:2      | Reached XP level 4. HP: 24/24 MP: 8/13
  1919 | D:2      | Found a glowing silver altar of Zin.
  3172 | D:4      | Reached XP level 5. HP: 28/28 MP: 7/14
  3174 | D:4      | Noticed a phantom
  3217 | D:4      | Killed a phantom
  3217 | D:4      | Reached skill level 6 in Conjurations
  3545 | D:4      | Noticed an ice beast
  3570 | D:4      | Learned a level 2 spell: Searing Ray
  3600 | D:4      | Learned a level 3 spell: Dazzling Spray
  3606 | D:4      | Learned a level 5 spell: Iskenderun's Battlesphere
  3611 | D:4      | Noticed a necrophage
  3650 | D:4      | Killed a necrophage
  3650 | D:4      | Reached XP level 6. HP: 16/29 MP: 7/15
  3902 | D:4      | Gained mutation: You are weak. (Str -2) [mutagenic glow]
  3972 | D:4      | Noticed an ogre
  3972 | D:4      | Noticed an ogre
  4191 | D:4      | Found a radiant altar of Vehumet.
  4197 | D:4      | Became a worshipper of Vehumet
  4337 | D:4      | Noticed a water moccasin
  4350 | D:4      | Killed a water moccasin
  4350 | D:4      | Reached skill level 5 in Hexes
  4646 | D:4      | Killed an ogre
  4646 | D:4      | Reached XP level 7. HP: 19/36 MP: 0/16
  4868 | D:4      | Killed an ice beast
  4868 | D:4      | Reached skill level 7 in Hexes
  5529 | D:4      | Found a radiant altar of Vehumet.
  5746 | D:4      | Killed an ogre
  5843 | D:5      | Entered Level 5 of the Dungeon
  5934 | D:5      | Gained mutation: You tend to lose your temper in combat. [mutagenic glow]
  6302 | D:5      | Reached skill level 5 in Charms
  6522 | D:5      | Reached XP level 8. HP: 41/41 MP: 9/17
  7404 | D:5      | Reached * piety under Vehumet
  7404 | D:5      | Offered knowledge of Sting by Vehumet.
  7407 | D:5      | Learned a level 1 spell: Sting
  8084 | D:6      | Found a shattered altar of Ashenzari.
  8132 | D:6      | Shot with an arrow by a centaur

Vault maps used:
D:1:      dpeg_arrival_solitude
D:2:      lemuel_crystal_altar, st_stairs_9, minmay_misc_feat_pillars,
          kennysheep_generic_room_13, uniq_jessica
D:3:      first_bread
D:4:      lemuel_round_altar
D:5:      kennysheep_generic_room_7
D:6:      nicolae_overflow_crystal_walls, uniq_pikel

Action                   |  1- 3 |  4- 6 |  7- 9 || total
-------------------------+-------+-------+-------++-------
Melee: Unarmed           |     3 |    15 |       ||    18
 Cast: Magic Dart        |    72 |   112 |    76 ||   260
       Searing Ray       |       |    14 |    12 ||    26
       Iskenderun's Batt |       |     1 |     7 ||     8
       Dazzling Spray    |       |       |     6 ||     6
  Use: Potion            |       |     1 |       ||     1
  Eat: Chunk             |     2 |     6 |     9 ||    17
       Pizza             |       |     1 |       ||     1
       Beef jerky        |       |     1 |       ||     1
       Bread ration      |       |       |     2 ||     2
